 Dungeon Crawl Stone Soup version 0.30-a0-542-ge43150dd35 (webtiles) character file.

Game seed: 9326374682106746226

418 Conn the Grave Robber (level 6, -6/36 HPs)
             Began as an Octopode Necromancer on Dec 26, 2022.
             Was an Initiate of Sif Muna.
             Mangled by Sigmund
             ... wielding a +1 scythe of protection
              (8 damage)
             ... on level 4 of the Dungeon.
             The game lasted 00:13:51 (2820 turns).

Conn the Grave Robber (Octopode Necromancer)        Turns: 2820, Time: 00:13:51

Health: -6/36      AC:  1    Str:  7 (8)  XL:     6   Next: 93%
Magic:  10/12      EV: 13    Int: 24 (25) God:    Sif Muna [......]
Gold:   237        SH:  0    Dex: 11 (12) Spells: 4/13 levels left

rFire   . . .      SeeInvis .    e - staff of air
rCold   + . .      Faith    +    (no shield)
rNeg    . . .      Spirit   .    (helmet restricted)
rPois   .          Reflect  .    m - amulet of faith
rElec   +          Harm     .    j - ring of protection from cold
rCorr   .          Rampage  .    p - +6 ring of intelligence
Will    .....                    (no ring)
Stlth   +++                      (no ring)
HPRegen 0.26/turn                (no ring)
MPRegen 0.13/turn                (no ring)
                                 (no ring)
                                 (no ring)

@: hasted, very quick
A: almost no armour, amphibious, 8 rings, camouflage 1, gelatinous body 1,
(nimble swimmer 1), tentacles
a: Renounce Religion


You were on level 4 of the Dungeon.
You worshipped Sif Muna.
Sif Muna was noncommittal.
You visited 1 branch of the dungeon, and saw 4 of its levels.

You collected 237 gold pieces.

Inventory:

Hand Weapons
 c - a +0 dagger
Magical Staves
 e - a staff of air (weapon)
Jewellery
 j - a ring of protection from cold (left tentacle)
 m - an amulet of faith (around mantle)
 p - a +6 ring of intelligence (right tentacle)
 r - a ring of ice
Wands
 f - a wand of roots (3)
Scrolls
 b - 2 scrolls of teleportation
 d - a scroll of enchant armour {unknown}
 g - 4 scrolls of identify {unknown}
Potions
 a - a potion of magic
 h - a potion of degeneration
 l - a potion of might {unknown}
 n - a potion of heal wounds {unknown}
 q - a potion of ambrosia {unknown}


   Skills:
 + Level 0.4 Staves
 + Level 2.2 Dodging
 + Level 3.1 Stealth
 + Level 4.0 Spellcasting
 * Level 1.4 Summonings
 + Level 5.9 Necromancy
 * Level 1.8 Air Magic
 * Level 1.3 Invocations


You had 4 spell levels left.
You knew the following spells:

 Your Spells              Type           Power      Damage    Failure   Level
a - Necrotise             Necr           100%       1d9       1%          1
b - Vampiric Draining     Necr           33%        2d8       2%          3
c - Animate Dead          Necr           33%        N/A       9%          4
d - Summon Small Mammal   Summ           44%        N/A       5%          1

Your spell library contained the following spells:

 Spells                   Type           Power      Damage    Failure   Level
 Sublimation of Blood     Necr           33%        N/A       1%          2
 Apportation              Tloc           8%         N/A       10%         1
 Magic Dart               Conj           16%        1d3       10%         1
 Ensorcelled Hibernation  Hex/Ice        8%         N/A       14%         2
 Wereblood                Tmut           4%         N/A       14%         2
 Call Canine Familiar     Summ           11%        N/A       16%         3
 Summon Guardian Golem    Hex/Summ       8%         N/A       22%         3
 Spider Form              Tmut/Pois      4%         N/A       28%         3
 Anguish                  Hex/Necr       9%         N/A       28%         4
 Agony                    Necr           33%        N/A       24%         5
 Summon Hydra             Summ           5%         N/A       100%        7


Dungeon Overview and Level Annotations

Branches:
Dungeon (4/15)             Temple (0/1) D:4

Altars:
Gozag
Kikubaaqudgha
Qazlal
Sif Muna
Trog
Vehumet

Annotations:
D:4 Sigmund


Innate Abilities, Weirdness & Mutations

You cannot wear most types of armour.
You are amphibious.
You can wear up to eight rings at the same time.
Your skin changes colour to match your surroundings (Stealth+).
Your rubbery body absorbs attacks. (AC +1, EV +1)
((You are camouflaged when in or above water. (Stealth+)))
You have tentacles for arms and can constrict up to eight enemies at once.


Message History

Casting: Necrotise (safe; 1% risk of failure)
Confirm with . or Enter, or press ? or * to list all spells.
Okay, then.
Unknown command.
Unknown command.
It was a potion of cancellation.
You feel magically purged.
It was a potion of haste.
You feel yourself speed up. Something hits you!
Aiming: Fastroot
Press: ? - help, Shift-Dir - straight line, f - you The roots erupt in riotous growth!
You hear a shout!
You hear an angry hiss.
Casting: Necrotise (safe; 1% risk of failure)
Confirm with . or Enter, or press ? or * to list all spells.
Aiming: Necrotise (safe; 1% risk of failure)
Press: ? - help, Shift-Dir - straight line Something writhes in agony.
Something hits you!
* * * LOW HITPOINT WARNING * * *
Okay, then.
Unknown command.
Okay, then.
Okay, then.
Unknown command.
Aiming: Fastroot
Press: ? - help, Shift-Dir - straight line The roots erupt in riotous growth!
Aiming: Fastroot
Press: ? - help, Shift-Dir - straight line The roots erupt in riotous growth!
You hear an angry hiss.
Something hits you!
* * * LOW HITPOINT WARNING * * *
Aiming: Fastroot
Press: ? - help, Shift-Dir - straight line The roots erupt in riotous growth!
Casting: Necrotise (safe; 1% risk of failure)
Confirm with . or Enter, or press ? or * to list all spells.
Aiming: Necrotise (safe; 1% risk of failure)
Press: ? - help, Shift-Dir - straight line Nothing appears to happen.
Something hits you!
You die...

#........# ###.........
.........#######.......####
≈.≈≈≈≈≈..........###.###
......≈............#@##### ..≈
###.#.≈.......####.......g
..≈.#...#.≈.#####.............
..≈.#._.#.≈..## ######........
..≈.#.. #.≈...#### #........
..≈.#.###.≈.#...@# #........
..≈.......≈.####.#####......#.
..≈≈≈≈≈≈≈≈≈.# #.{.{..........
......(.....# #####......##..
..#).######## ............
#..........# ..##....##...# ..
#........... ## ...### .##( ..
#..........# .....# . #
#..........# ..##.. # #


There were no monsters in sight!

Vanquished Creatures
  Menkaure (D:4)
  An ogre (D:4)
  Natasha (D:4)
  2 adders
  6 gnolls
  A dart slug (D:2)
  3 worms
  6 orcs (D:3)
  6 ball pythons
  13 endoplasms
  5 giant cockroaches
  4 goblins
  6 hobgoblins
  9 jackals (D:2)
  8 kobolds
  A quokka (D:1)
  3 bats
  A frilled lizard (D:1)
  4 rats
81 creatures vanquished.

Vanquished Creatures (collateral kills)
  A gnoll (D:4)
  A jackal (D:2)
  A ball python (D:1)
  2 rats
5 creatures vanquished.

Grand Total: 86 creatures vanquished

Notes
Turn   | Place    | Note
-------+----------+-------------------------------------------
     0 | D:1      | Conn the Octopode Necromancer began the quest for the Orb.
     0 | D:1      | Reached XP level 1. HP: 11/11 MP: 3/3
   106 | D:1      | Reached XP level 2. HP: 17/17 MP: 0/5
   502 | D:1      | Reached XP level 3. HP: 21/21 MP: 3/6
   506 | D:1      | Learned a level 3 spell: Vampiric Draining
  1077 | D:2      | Reached XP level 4. HP: 27/27 MP: 0/8
  1082 | D:2      | Learned a level 4 spell: Animate Dead
  1710 | D:3      | Found a bloodstained altar of Trog.
  1711 | D:3      | Found an opulent altar of Gozag.
  1886 | D:3      | Found a shimmering blue altar of Sif Muna.
  1886 | D:3      | Found an ancient bone altar of Kikubaaqudgha.
  1888 | D:3      | Found a radiant altar of Vehumet.
  1897 | D:3      | Reached skill level 5 in Necromancy
  1902 | D:3      | Became a worshipper of Sif Muna the Loreminder
  1910 | D:3      | Got Vehumet's Quarto of Battling
  1917 | D:3      | Learned a level 1 spell: Summon Small Mammal
  2064 | D:4      | Noticed a black bear
  2086 | D:4      | Noticed Natasha
  2182 | D:4      | Reached XP level 5. HP: 19/31 MP: 4/9
  2268 | D:4      | Killed Natasha
  2298 | D:4      | Noticed Sigmund
  2409 | D:4      | Noticed an ogre
  2417 | D:4      | Killed an ogre
  2418 | D:4      | Reached skill level 1 in Summonings
  2418 | D:4      | Reached skill level 1 in Air Magic
  2418 | D:4      | Reached XP level 6. HP: 36/36 MP: 2/11
  2552 | D:4      | Noticed Menkaure
  2570 | D:4      | Killed Menkaure
  2571 | D:4      | Reached skill level 1 in Invocations
  2652 | D:4      | Found a staircase to the Ecumenical Temple.
  2691 | D:4      | Found a stormy altar of Qazlal.
  2820 | D:4      | Mangled by Sigmund

Illustrated notes

Levels and vault maps discovered:
D:1:      mrwooster_arrival_statue_3, layout_rooms, st_stairs_11
D:2:      layout_rooms, minmay_statues_item
D:3:      layout_rooms, grunt_temple_overflow_magic_moments,
          chequers_temple_overflow_statue_of_worship
D:4:      layout_rooms, mainiacjoe_overflow_brackets,
          minmay_temple_entry_poolview, uniq_sigmund, uniq_menkaure,
          uniq_natasha

Skill      XL: |  1  2  3  4  5  6 |
---------------+-------------------+-----
Stealth        | 3 |  3.1
Spellcasting   | 3 4 |  4.0
Necromancy     | 5 |  5.9
Summonings     | 1 |  1.4
Air Magic      | 1 |  1.8
Invocations    | 1 |  1.3
Staves         | |  0.4
Dodging        | |  2.2

Action                   |  1- 3 |  4- 6 || total
-------------------------+-------+-------++-------
Melee: Unarmed           |     2 |       ||     2
       Dagger            |     3 |       ||     3
       Tentacles         |    11 |     8 ||    19
       Staff             |    23 |    26 ||    49
       Constrict         |     7 |     7 ||    14
       Punch             |       |     1 ||     1
 Cast: Necrotise         |    60 |    90 ||   150
       Vampiric Draining |     2 |     2 ||     4
       Summon Small Mamm |       |     1 ||     1
       Animate Dead      |       |     2 ||     2
Evoke: Wand              |       |     4 ||     4
  Use: Potion            |       |     6 ||     6
       Scroll            |       |     1 ||     1
 Stab: Sleeping          |     4 |       ||     4
       Distracted        |     1 |       ||     1
Armor: Skin              |     5 |     6 ||    11
Dodge: Dodged            |    22 |    48 ||    70

Table legend: (Time is in decaauts)
 A = Elapsed time spent in this place.
 B = Non-inter-level travel time spent in this place.
 C = Inter-level travel time spent in this place.
 D = Time resting spent in this place.
 E = Time spent auto-exploring this place.
 F = Levels seen in this place.
 G = Mean time per level.
                   A        B        C        D        E       F      G
               +--------+--------+--------+--------+--------+-----+--------+
         Total |   2838 |   2800 |     38 |    199 |   1534 |   4 |  709.5 |
       Dungeon |   2838 |   2800 |     38 |    199 |   1534 |   4 |  709.5 |
               +--------+--------+--------+--------+--------+-----+--------+

Top non-repeatable levels by time:
     D:3: 913 daAuts
     D:1: 744 daAuts
     D:2: 656 daAuts
     D:4: 524 daAuts
